 Dungeon Crawl Stone Soup version 0.18.1-1-g2f07953 (webtiles) character file.

786307 aurelian the Sensei (level 27, -2/323 HPs)
             Began as a Demigod Transmuter on May 16, 2016.
             Slain by an Orb Guardian (22 damage)
             ... on level 1 of the Depths on May 17, 2016.
             The game lasted 05:28:09 (89753 turns).

aurelian the Sensei (Demigod Transmuter)           Turns: 89753, Time: 05:28:10

Health: -2/323     AC: 40    Str: 24    XL:     27
Magic:  47/47      EV: 47    Int: 30    God:
Gold:   3712       SH: 16    Dex: 30    Spells: 12 memorised, 17 levels left

rFire  + . .     SeeInvis .       - Unarmed
rCold  . . .     Gourm    .     (armour currently unavailable)
rNeg   + . .     Faith    .     i - +3 buckler {AC+3}
rPois  ∞         Spirit   .     J - +2 helmet {Int+3}
rElec  +         Dismiss  .     t - +2 cloak {MR+}
rCorr  .         Reflect  +     (gloves currently unavailable)
SustAt +         Harm     .     (boots currently unavailable)
MR     ++++.                    X - amulet "Putigy" {Reflect rF+ Dex+3 SH+6}
Stlth  ++........               P - +6 ring of evasion
                                y - ring "Huhicaap" {Fragile rElec rPois MR+ Int+4}

@: mighty, agile, about to teleport, statue-form, very slow, incredibly
resistant to hostile enchantments, unstealthy
A: high mp 1, sustain attributes
a: End Transformation
0: Orb of Zot
}: 5/15 runes: barnacled, slimy, silver, abyssal, gossamer


You were on level 1 of the Depths.
You were not hungry.
You were a stone statue.
You visited 11 branches of the dungeon, and saw 60 of its levels.
You visited the Abyss 1 time.
You visited 1 bazaar.
You also visited: Trove, Sewer, Ossuary, Volcano and Wizlab.

You collected 10282 gold pieces.
You spent 6570 gold pieces at shops.

Inventory:

Hand Weapons
 a - the +9 hunting sling of Wufeloq {flame, rF+ Dex+4 Stlth+}
   (You found it on level 3 of the Elven Halls)

   It causes projectiles fired from it to burn those they strike, causing extra
   injury to most foes and up to half again as much damage against particularly
   susceptible opponents.
   It affects your dexterity (+4).
   It protects you from fire.
   It makes you more stealthy.
Missiles
 C - 2014 arrows
 S - 553 sling bullets
Armour
 i - a +3 buckler of protection (worn)
 l - the +3 pair of gauntlets of War (melded) {Slay+5}
   (You found it in a treasure trove)

   It affects your accuracy and damage with ranged weapons and melee attacks
   (+5).
 n - a +2 pair of boots of running (melded)
 t - a +2 cloak of magic resistance (worn)
 J - a +2 helmet of intelligence (worn)
 V - the +2 shield of Resistance {rF+ rC+ MR+}
   (You found it on level 6 of the Pits of Slime)

   It protects you from fire.
   It protects you from cold.
   It affects your resistance to hostile enchantments.
 W - the +4 moon troll leather armour (melded) {Spirit, Regen++ MP+5}
   (You took it off a moon troll in a wizard's laboratory)

   It affects your magic capacity (+5).
   It increases your rate of regeneration.
 Z - a +2 hat of see invisible
Jewellery
 g - an uncursed ring of protection from cold
 m - an uncursed ring of resist corrosion
 p - an uncursed ring of protection from fire
 x - an uncursed ring of positive energy
 y - the ring "Huhicaap" (left hand) {Fragile rElec rPois MR+ Int+4}
   (You bought it in a shop on level 3 of the Vaults)

   [ring of protection from magic]

   It affects your intelligence (+4).
   It insulates you from electricity.
   It protects you from poison.
   It affects your resistance to hostile enchantments.
   It will be destroyed if unequipped.
 H - a +5 ring of intelligence
 I - an uncursed ring of see invisible
 L - an uncursed ring of flight
 P - a +6 ring of evasion (right hand)
 X - the amulet "Putigy" (around neck) {Reflect rF+ Dex+3 SH+6}
   (You found it on level 7 of the Dungeon)

   [amulet of reflection]

   It shields you and reflects attacks.
   It affects your dexterity (+3).
   It protects you from fire.
   It affects your SH (+6).
Wands
 o - a wand of disintegration (0/24)
 w - a wand of teleportation (6/9)
 O - a wand of digging (7/24)
Scrolls
 b - 23 scrolls of identify
 j - 4 scrolls of enchant armour
 q - 4 scrolls of magic mapping
 v - 15 scrolls of teleportation
 B - a scroll of summoning
 F - 4 scrolls of fog
 K - 8 scrolls of fear
 N - a scroll of recharging
 T - 12 scrolls of remove curse
Potions
 e - a potion of cancellation
 f - 15 potions of flight
 r - a potion of cure mutation
 u - 26 potions of curing
 z - 5 potions of resistance
 E - 6 potions of heal wounds
 Y - 3 potions of invisibility
Books
 c - a book of Battle

   Spells                             Type                      Level
   a - Infusion                       Charms                       1
   b - Shroud of Golubria             Charms/Translocation         2
   c - Song of Slaying                Charms                       2
   d - Spectral Weapon                Hexes/Charms                 3
   e - Regeneration                   Charms/Necromancy            3
 Q - an Akashic Record

   Spells                             Type                      Level
   a - Dispersal                      Translocation                6
   b - Malign Gateway                 Summoning/Translocation      7
   c - Disjunction                    Translocation                8
   d - Controlled Blink               Translocation                8
Miscellaneous
 k - a fan of gales (inert)
 s - a stone of tremors
 A - a phantom mirror
 G - a sack of spiders
 R - a phial of floods
 U - a box of beasts
Comestibles
 d - 17 bread rations
 h - 36 meat rations


   Skills:
 + Level 20.8 Fighting
 - Level 3.1 Slings
 - Level 5.5 Armour
 - Level 21.0 Dodging
 - Level 1.3 Stealth
 - Level 4.4 Shields
 - Level 24.1 Unarmed Combat
 + Level 14.7 Spellcasting
 - Level 8.0 Charms
 - Level 4.8 Translocations
 - Level 17.6 Transmutations
 - Level 5.4 Ice Magic
 * Level 17.3 Earth Magic
 - Level 2.0 Poison Magic
 - Level 3.1 Evocations


You had 17 spell levels left.
You knew the following spells:

 Your Spells              Type           Power        Failure   Level  Hunger
a - Summon Small Mammal   Summ           ###.         1%          1    None
b - Sticks to Snakes      Trmt           #######.     0%          2    None
c - Spider Form           Trmt/Pois      ######....   1%          3    None
d - Blade Hands           Trmt           #######...   1%          5    None
e - Ice Form              Ice/Trmt       ######..     1%          4    None
f - Apportation           Tloc           ######....   1%          1    None
g - Song of Slaying       Chrm           ######..     1%          2    None
h - Statue Form           Trmt/Erth      #######..    1%          6    ###....
i - Dragon Form           Trmt           #######...   1%          7    #####..
j - Repel Missiles        Chrm/Air       #####.       1%          2    None
k - Regeneration          Chrm/Necr      #####.....   1%          3    None
l - Blink                 Tloc           N/A          1%          2    None


Dungeon Overview and Level Annotations

Branches:
Dungeon (15/15)            Temple (0/1) D:6            Lair (8/8) D:8
 Shoals (4/4) Lair:5       Spider (4/4) Lair:4        Slime (6/6) Lair:8
    Orc (2/2) D:9             Elf (3/3) Orc:2        Vaults (5/5) D:14
  Crypt (3/3) Vaults:3       Tomb (0/3) Crypt:3      Depths (5/5) D:15
    Zot (5/5) Depths:5

Shops:
D:7 (   D:8 !   D:15 (   Orc:2 =[(*   Elf:1 }%?%   Elf:3 (   Vaults:2 }!
Vaults:3 ([(*   Vaults:5 %!!}}   Depths:1 ?

Portals:
Hell: Depths:1 Depths:2 Depths:3 Depths:4 Depths:5
Abyss: Depths:1 Depths:2 Depths:3 Depths:4 Depths:5
Pandemonium: Depths:3 Depths:4
Ziggurat: Depths:4

Annotations:
D:1 Terence
D:15 exclusion: Roxanne, Roxanne
Elf:2 3 runed doors
Elf:3 1 exclusion


Innate Abilities, Weirdness & Mutations

You have an increased reservoir of magic (+10% MP).
Your attributes are resistant to harm.


Message History

A fierce wind blows from the fan.
The Tzitzimitls are blown away by the wind.
The winds coalesce and take form.
You hear a shout!
The Orb Guardian hits you but does no damage.
You block the hell beast's attack. x3
The hell beast tramples you but does no damage.
The Orb Guardian hits you!!
* * * LOW HITPOINT WARNING * * *
The yaktaur wields an arbalest.
The yaktaur shoots a bolt.
The bolt completely misses you.
A yaktaur comes into view. It is wielding an arbalest.
Unknown command.
Drink which item? (? for menu, Esc to quit)
You feel much better. The hell beast completely misses you.
You block the hell beast's attack. The Orb Guardian hits you!!
* * * LOW HITPOINT WARNING * * *
You block the hell beast's attack. The hell beast completely misses you.
The Orb Guardian hits you!!
You die...

### #.....##.....##........##..
..#####......##...##.......####..
..#.##........#####........##....
.#..##.X........................#
.#........(......###.#........##.
.....#......≈&....####........#..
##..........≈≈.11.# #........#..
≈##..........≈22X######..........
.≈#.#...........8##.#.##.....##.#
..###.........E.............>####
..#..........................##
..#...........................###
.≈#....................c........#
≈##..............................
##...............................
...).............................
.#.#....................)........


You could see Neosud, 2 Tzitzimimeh, 2 hell beasts, an Orb Guardian, a yaktaur
and a friendly air elemental.

Vanquished Creatures
  the Royal Jelly (Slime:6)
  Dissolution (Slime:4)
  11 orbs of fire (Zot:5)
  6 ancient liches
  Mara (Vaults:3)
  4 juggernauts
  Sojobo (Crypt:3)
  Frederick (Crypt:3)
  Boris (Vaults:2)
  Saint Roka (Orc:2)
  2 Killer Klowns (Zot:4)
  Norris (Depths:3)
  3 curse toes
  7 golden dragons
  Xtahua (Depths:2)
  2 bone dragons
  Jorgrun (Vaults:5)
  19 tentacled monstrosities
  4 electric golems
  A moon troll (WizLab)
  25 Orb Guardians (Zot:5)
  A quicksilver dragon (Depths:2)
  30 acid blobs
  4 titans
  A lich (Crypt:3)
  2 deep elf master archers (Elf:3)
  2 deep elf blademasters (Elf:3)
  2 Executioners (Abyss:4)
  10 death cobs
  An eldritch tentacle (Zot:2)
  Frances (D:11)
  6 sphinxes
  13 tentacled starspawn
  10 tengu reavers
  6 shadow dragons
  6 ancient champions
  10 azure jellies
  An azure jelly (shapeshifter) (Depths:2)
  17 storm dragons
  A revenant (Crypt:1)
  3 draconian monks (Zot:2)
  17 fire giants
  8 deep elf sorcerers
  7 ghost moths
  3 cacodemons
  Maud (D:10)
  12 frost giants
  An orc warlord (Orc:2)
  2 iron dragons
  3 draconian knights
  A draconian shifter (Zot:3)
  15 vault wardens
  3 curse skulls
  3 emperor scorpions (Spider:4)
  11 ghouls
  5 draconian zealots
  6 draconian scorchers
  Louise (Depths:1)
  15 ironheart preservers
  5 spriggan defenders
  5 war gargoyles
  8 deep elf elementalists
  2 draconian annihilators (Zot:2)
  31 stone giants
  4 draconian callers
  6 green draconians
  10 deep elf demonologists
  The ghost of LadyBoobiez the Fighter, a journeyman MiFi of Qazlal (D:15)
  20 very ugly things
  5 black draconians
  2 salamander stormcallers
  6 vampire knights
  2 lorocyprocas
  6 white draconians
  12 spark wasps
  6 mottled draconians
  7 deep elf annihilators
  6 red draconians
  Nessos (Lair:8)
  6 yellow draconians
  6 merfolk javelineers (Shoals:4)
  7 purple draconians
  2 eidola
  13 deep elf death magi
  23 ettins
  28 fire dragons
  15 death oozes
  An ettin (shapeshifter) (Depths:2)
  27 vault guards
  9 jiangshi
  Josephine (D:12)
  22 great orbs of eyes
  5 merfolk impalers
  12 rakshasas
  9 deep elf high priests
  2 minotaurs (shapeshifter)
  8 entropy weavers
  26 ogre magi
  A hell beast (Zot:5)
  10 hydras
  6 spriggan air magi
  20 ice dragons
  A monstrous demonspawn (Depths:4)
  24 yaktaur captains
  2 merfolk avatars
  2 catoblepae
  7 death knights
  2 satyrs
  2 merfolk aquamancers
  8 tengu warriors
  14 dancing weapons
  8 deep troll shamans
  12 death yaks
  3 centaur warriors
  An iron giant zombie (Depths:1)
  15 deep troll earth magi
  8 spriggan berserkers
  A queen ant (Lair:8)
  7 vampire magi
  6 thrashing horrors (Abyss:4)
  A shock serpent (shapeshifter) (Vaults:5)
  2 hell hogs (Depths:1)
  28 deep elf knights
  A soul eater (Crypt:3)
  2 orc high priests
  6 hell knights (Depths:5)
  2 shadow wraiths
  16 small abominations
  A spark wasp zombie (Crypt:1)
  12 wretched stars
  A storm dragon skeleton (Vaults:5)
  17 skeletal warriors
  3 fire crabs
  2 sea snakes
  26 deep trolls
  3 unseen horrors
  A death drake (Abyss:4)
  An orange crystal statue (WizLab)
  A shadow demon (Abyss:4)
  A deep troll (shapeshifter) (Vaults:5)
  A death drake (shapeshifter) (Elf:3)
  13 giant orange brains
  13 flayed ghosts
  A giant orange brain (shapeshifter) (Abyss:4)
  A hill giant (shapeshifter) (Depths:3)
  19 ironbrand convokers
  6 necromancers
  2 torturous demonspawn (Depths:4)
  35 deep elf archers
  13 harpies
  4 hill giants
  6 wizards
  16 phantasmal warriors
  21 orb spiders
  A lindwurm (Volcano)
  2 wolf spider zombies
  19 orc knights
  27 ugly things
  36 wolf spiders
  5 manticores
  A mana viper (Abyss:4)
  3 cyclopes
  5 orc sorcerers
  3 shining eyes
  A worldbinder (Abyss:4)
  9 fauns
  2 sixfirhies (Abyss:4)
  An apis zombie (Crypt:2)
  91 deep elf magi
  A moth of wrath (shapeshifter) (Vaults:2)
  9 griffons
  2 hornets (shapeshifter)
  11 hornets
  A fire giant skeleton (Vaults:5)
  2 sirens (Shoals:1)
  9 elephants
  13 moths of wrath
  2 octopodes (shapeshifter)
  A rust devil (Abyss:4)
  3 torpor snails
  2 water nymphs
  A black mamba (Lair:8)
  21 vault sentinels
  An orange demon (Depths:4)
  2 molten gargoyles (Volcano)
  2 apocalypse crabs (Abyss:4)
  2 black mambas (shapeshifter)
  20 spiny frogs
  4 smoke demons (Abyss:4)
  6 eyes of devastation
  3 rime drakes
  A rime drake (shapeshifter) (Depths:3)
  2 emperor scorpion zombies
  11 freezing wraiths
  12 komodo dragons
  2 spiny frogs (shapeshifter)
  A black draconian zombie (Crypt:1)
  9 demonic crawlers
  2 kobold demonologists (D:14)
  41 yaktaurs
  An alligator snapping turtle skeleton (Crypt:2)
  A komodo dragon (shapeshifter) (D:15)
  2 tengu conjurers
  4 hellwings (Abyss:4)
  4 ancient zymes (Abyss:4)
  8 merfolk
  A guardian mummy (Depths:1)
  39 jumping spiders
  12 trolls
  A jumping spider (shapeshifter) (Abyss:4)
  A troll (shapeshifter) (Vaults:1)
  4 giant leeches (Depths:2)
  A harpy skeleton (D:14)
  A wind drake (Shoals:3)
  103 slime creatures
  4 polar bears
  24 two-headed ogres
  2 bog bodies
  A snapping turtle (shapeshifter) (Depths:2)
  Grinder (D:5)
  5 snapping turtles
  A frost giant simulacrum (Vaults:5)
  21 raiju (Abyss:4)
  An ettin zombie (Vaults:5)
  15 boulder beetles
  26 blink frogs
  7 large abominations (Abyss:4)
  2 vampires
  A tarantella zombie (Crypt:1)
  A spriggan skeleton (Depths:1)
  82 redbacks
  14 air elementals
  A flying skull (Crypt:3)
  An ice dragon skeleton (Depths:1)
  A spriggan (shapeshifter) (Depths:3)
  29 yaks
  Eustachio (D:5)
  A spriggan (Depths:5)
  4 fire elementals
  A tarantella (shapeshifter) (Depths:2)
  11 fire bats
  14 hippogriffs
  14 water elementals
  5 shadows
  A satyr skeleton (Crypt:1)
  31 tarantellas
  3 wyverns
  4 neqoxecs
  2 hungry ghosts
  A basilisk (Lair:5)
  3 golden eyes (Slime:5)
  A steam dragon (D:12)
  13 wraiths
  21 vampire mosquitoes
  Edmund (D:4)
  2 chaos spawn (Abyss:4)
  A putrid demonspawn zombie (Crypt:3)
  A hill giant skeleton (Crypt:2)
  Menkaure (D:5)
  5 mottled dragons
  9 wargs
  A warg (shapeshifter) (Vaults:1)
  16 soldier ants
  Duvessa (D:4)
  3 giant eyeballs
  12 hell hounds
  11 porcupines
  19 water moccasins
  5 sky beasts
  51 orc warriors
  2 black bears
  8 eyes of draining
  6 ice beasts
  4 wasps
  An anubis guard zombie (Crypt:1)
  A black bear (shapeshifter) (Depths:2)
  8 necrophages
  81 ogres
  4 phantoms
  2 eyes of draining (shapeshifter)
  6 wolves (Lair:8)
  4 boggarts
  10 centaurs
  An elephant skeleton (Crypt:3)
  A centaur (shapeshifter) (Depths:3)
  20 crocodiles
  An elf zombie (Ossuary)
  6 big kobolds
  A hell hound zombie (Crypt:2)
  A draconian skeleton (Crypt:1)
  A yaktaur zombie (Depths:1)
  A gnoll sergeant (D:7)
  20 giant frogs
  A dryad skeleton (Crypt:3)
  A salamander skeleton (Crypt:3)
  4 earth elementals
  Dowan (D:4)
  A scorpion (shapeshifter) (Depths:3)
  3 scorpions
  A hell hound skeleton (Crypt:3)
  12 killer bees
  A hippogriff zombie (Crypt:2)
  A human simulacrum (Vaults:2)
  8 electric eels
  A howler monkey (D:14)
  3 wights (D:10)
  12 starcursed masses
  8 crimson imps
  2 centaur zombies
  25 jellies
  4 lava snakes
  A giant frog zombie (D:7)
  2 human zombies
  A jelly (shapeshifter) (Vaults:5)
  20 orc priests
  A basilisk zombie (Crypt:2)
  7 hounds
  38 orc wizards
  Crazy Yiuf (D:7)
  7 centaur skeletons
  A gnoll shaman (D:9)
  9 iguanas
  An iron imp (Abyss:4)
  3 giant frog skeletons
  7 hell rats (Lair:8)
  42 worker ants
  8 sheep (Lair:7)
  A big kobold zombie (Ossuary)
  A sky beast zombie (Crypt:1)
  A crocodile skeleton (Crypt:2)
  4 hound zombies
  4 mummies (Ossuary)
  A howler monkey zombie (D:6)
  Robin (D:3)
  13 gnolls
  A hell rat skeleton (Crypt:3)
  A howler monkey skeleton (D:11)
  26 adders
  65 river rats
  5 shadow imps
  A white imp (Depths:4)
  5 adder zombies
  A sheep zombie (Crypt:2)
  3 adder skeletons
  4 worms
  A ball lightning (Zot:3)
  12 giant geckos
  135 orcs
  12 ball pythons
  8 giant cockroaches
  A gnoll zombie (Crypt:3)
  16 goblins
  7 hobgoblins
  5 jackals
  45 kobolds
  6 quokkas
  A river rat zombie (Crypt:2)
  A ball python skeleton (Crypt:1)
  8 bats
  A giant cockroach zombie (Crypt:1)
  3 giant newts
  2 goblin zombies
  2 jackal zombies (Ossuary)
  33 rats
  A rat skeleton (Crypt:1)
  2 rat zombies (Ossuary)
  3 crawling corpses
  5 demonic plants (WizLab)
  2 fungi
  A lurking horror (Abyss:4)
  2 plants
3119 creatures vanquished.

Vanquished Creatures (collateral kills)
  An orc (D:3)
1 creature vanquished.

Vanquished Creatures (others)
  A tengu reaver (Depths:4)
  2 fire giants
  2 stone giants
  An ettin (Vaults:5)
  A merfolk javelineer (Shoals:4)
  3 yaktaur captains
  An ogre mage (Vaults:1)
  A satyr (Shoals:2)
  A thrashing horror (Abyss:4)
  2 deep elf knights (Elf:3)
  5 deep elf archers
  A faun (Shoals:4)
  4 yaktaurs
  A merfolk (Shoals:2)
  2 redbacks (Spider:4)
  A neqoxec (Abyss:4)
  An orc warrior (Orc:2)
  An ice beast (D:11)
  An ogre (Vaults:3)
  2 centaurs
  An orc priest (Elf:1)
  An orc (Vaults:1)
  2 bushes (Lair:8)
  4 eldritch tentacle segments (Zot:2)
  59 fungi
  6 lost souls
  14 plants
  37 starspawn tentacles
  683 starspawn tentacle segments
  4 toadstools (D:1)
  13 withered plants (Crypt:3)
858 creatures vanquished.

Grand Total: 3978 creatures vanquished

Notes
Turn   | Place    | Note
--------------------------------------------------------------
     0 | D:1      | aurelian the Demigod Transmuter began the quest for the Orb.
     0 | D:1      | Reached XP level 1. HP: 15/15 MP: 5/5
   401 | D:1      | Reached skill level 3 in Unarmed Combat
   494 | D:1      | Reached XP level 2. HP: 22/22 MP: 5/7
   502 | D:1      | Learned a level 2 spell: Sticks to Snakes
  1158 | D:2      | Found a basalt altar of Yredelemnul.
  1159 | D:2      | Found a shattered altar of Ashenzari.
  1182 | D:2      | Found a glowing golden altar of the Shining One.
  1185 | D:2      | Found a white marble altar of Elyvilon.
  1185 | D:2      | Found a stormy altar of Qazlal.
  1186 | D:2      | Found a shimmering altar of Xom.
  1234 | D:2      | Found a shadowy altar of Dithmenos.
  1330 | D:2      | Noticed Terence
  1486 | D:2      | Reached XP level 3. HP: 23/27 MP: 6/8
  1981 | D:2      | Reached skill level 4 in Unarmed Combat
  2254 | D:3      | Noticed Robin
  2266 | D:3      | Killed Robin
  2457 | D:3      | Reached XP level 4. HP: 34/34 MP: 7/9
  2465 | D:3      | Learned a level 3 spell: Spider Form
  2588 | D:3      | Reached XP level 5. HP: 18/39 MP: 8/10
  3065 | D:3      | Reached skill level 1 in Poison Magic
  3169 | D:3      | Reached skill level 5 in Unarmed Combat
  3672 | D:4      | Found a glowing drain.
  3765 | Sewer    | Entered a sewer
  4394 | Sewer    | Reached XP level 6. HP: 44/46 MP: 11/11
  5447 | D:4      | Noticed Duvessa
  5889 | D:4      | Noticed Edmund
  5918 | D:4      | Killed Edmund
  5918 | D:4      | Reached skill level 6 in Unarmed Combat
  6047 | D:4      | Reached XP level 7. HP: 31/51 MP: 12/12
  6332 | D:4      | Noticed Dowan
  6341 | D:4      | Killed Duvessa
  6344 | D:4      | Killed Dowan
  6344 | D:4      | Reached skill level 7 in Unarmed Combat
  6466 | D:5      | Entered Level 5 of the Dungeon
  6508 | D:5      | Noticed Menkaure
  6523 | D:5      | Killed Menkaure
  6642 | D:5      | Noticed Grinder
  6651 | D:5      | Killed Grinder
  6814 | D:5      | Reached XP level 8. HP: 58/58 MP: 13/13
  6818 | D:5      | Noticed Eustachio
  6837 | D:5      | Killed Eustachio
  6837 | D:5      | Reached skill level 8 in Unarmed Combat
  6837 | D:5      | Reached skill level 5 in Transmutations
  6905 | D:5      | Reached skill level 1 in Fighting
  8422 | D:6      | Reached skill level 9 in Unarmed Combat
  8482 | D:6      | Gained mutation: You are weak. (Str -2) [mutagenic meat]
  8483 | D:6      | Lost mutation: You are weak. (Str -2) [mutagenic meat]
  8484 | D:6      | Gained mutation: Potions and wands are less effective at restoring your health. [mutagenic meat]
  8485 | D:6      | Gained mutation: You have sharp fingernails. [mutagenic meat]
  8622 | D:6      | Found a staircase to the Ecumenical Temple.
  8756 | D:7      | Found a sand-covered staircase.
  8774 | D:7      | Reached XP level 9. HP: 44/69 MP: 14/14
  8821 | Ossuary  | Entered an ossuary
  9261 | D:7      | Noticed Crazy Yiuf
  9268 | D:7      | Killed Crazy Yiuf
  9470 | D:5      | Learned a level 5 spell: Blade Hands
  9974 | D:7      | Found Deafao's Antique Weapon Emporium.
 10590 | D:7      | Got a glittering lead amulet
 10687 | D:8      | Reached skill level 10 in Unarmed Combat
 10936 | D:8      | Found Wyxkow's Distillery.
 10944 | D:8      | Bought a potion of invisibility for 104 gold pieces
 10944 | D:8      | Bought a potion of berserk rage for 65 gold pieces
 10944 | D:8      | Bought a potion of might for 52 gold pieces
 10944 | D:8      | Bought a potion of curing for 39 gold pieces
 10944 | D:8      | Bought a potion of haste for 130 gold pieces
 10944 | D:8      | Bought a potion of cancellation for 104 gold pieces
 11207 | D:8      | Found an iron altar of Okawaru.
 11472 | D:8      | Noticed a komodo dragon
 11918 | D:8      | Killed a komodo dragon
 12160 | D:8      | Found a staircase to the Lair.
 12406 | D:9      | Reached XP level 10. HP: 75/79 MP: 17/17
 12772 | D:9      | Reached skill level 1 in Stealth
 13292 | D:8      | Reached skill level 1 in Shields
 13999 | D:9      | Found a roughly hewn altar of Beogh.
 13999 | D:9      | Found a staircase to the Orcish Mines.
 14161 | D:9      | Reached skill level 11 in Unarmed Combat
 14317 | D:9      | Found an iron altar of Okawaru.
 14342 | D:9      | Learned a level 4 spell: Ice Form
 14347 | D:10     | Entered Level 10 of the Dungeon
 14375 | D:9      | Reached skill level 5 in Fighting
 14427 | D:10     | Noticed Maud
 14466 | D:10     | Killed Maud
 14647 | D:10     | Reached skill level 1 in Ice Magic
 15185 | D:10     | Identified the amulet "Putigy" {Reflect rF+ Dex+3 SH+6} (You found it on level 7 of the Dungeon)
 15192 | D:10     | Lost mutation: Potions and wands are less effective at restoring your health. [potion of cure mutation]
 15192 | D:10     | Lost mutation: You have sharp fingernails. [potion of cure mutation]
 15193 | D:10     | Reached skill level 5 in Dodging
 15193 | D:10     | Reached XP level 11. HP: 88/88 MP: 19/21
 15194 | D:10     | Reached skill level 12 in Unarmed Combat
 15194 | D:10     | Reached skill level 5 in Spellcasting
 15194 | D:10     | Reached XP level 12. HP: 96/96 MP: 19/23
 15195 | D:10     | Reached skill level 13 in Unarmed Combat
 15195 | D:10     | Reached XP level 13. HP: 102/102 MP: 19/24
 15201 | D:10     | Reached skill level 10 in Transmutations
 15201 | D:10     | Reached XP level 14. HP: 110/110 MP: 21/26
 15206 | D:10     | Identified a scroll of acquirement
 15612 | Lair:1   | Entered Level 1 of the Lair of Beasts
 15629 | Lair:1   | Reached skill level 14 in Unarmed Combat
 15629 | Lair:1   | Reached XP level 15. HP: 116/116 MP: 27/27
 19873 | Lair:4   | Found a hole to the Spider Nest.
 20789 | Lair:5   | Found a staircase to the Shoals.
 22150 | Lair:6   | Reached skill level 15 in Unarmed Combat
 24061 | Lair:8   | Entered Level 8 of the Lair of Beasts
 24068 | Lair:8   | Found a staircase to the Slime Pits.
 25815 | Lair:8   | Reached XP level 16. HP: 129/131 MP: 26/28
 25879 | Lair:8   | Reached skill level 16 in Unarmed Combat
 26747 | Lair:8   | Noticed Nessos
 26760 | Lair:8   | Killed Nessos
 27041 | Orc:1    | Entered Level 1 of the Orcish Mines
 27142 | Orc:1    | Found a dark tunnel.
 27171 | Volcano  | Entered a volcano
 27548 | Volcano  | Found a burning altar of Makhleb.
 27553 | Volcano  | Reached skill level 10 in Dodging
 28032 | Orc:2    | Entered Level 2 of the Orcish Mines
 28357 | Orc:2    | Found a staircase to the Elven Halls.
 28426 | Orc:2    | Reached skill level 10 in Fighting
 28824 | Orc:2    | Noticed Saint Roka
 29907 | Orc:2    | Killed Saint Roka
 30270 | Orc:2    | Found a roughly hewn altar of Beogh.
 30279 | Orc:2    | Found Tossoamn's Antique Armour Shoppe.
 30288 | Orc:2    | Found Uduhyfy's General Store.
 30432 | Orc:2    | Found Zucwuobe's Antique Weapon Shoppe.
 30447 | Orc:2    | Found Qoss's Jewellery Shoppe.
 30454 | Orc:2    | Bought a +6 ring of evasion for 1248 gold pieces
 30473 | Orc:2    | Bought a pair of runed boots for 148 gold pieces
 30473 | Orc:2    | Bought a jewelled ring mail for 297 gold pieces
 30483 | Orc:2    | Identified a +1 pair of boots of running (You bought it in a shop on level 2 of the Orcish Mines)
 30484 | Orc:2    | Identified the +2 ring mail "Roicw" {MR+ Dex+4} (You bought it in a shop on level 2 of the Orcish Mines)
 30667 | Orc:2    | Bought a runed buckler for 148 gold pieces
 30667 | Orc:2    | Bought a glowing helmet for 148 gold pieces
 31689 | D:12     | Noticed Josephine
 31700 | D:12     | Killed Josephine
 31706 | D:12     | Noticed Frances
 31886 | D:11     | Killed Frances
 32894 | D:13     | Reached skill level 17 in Unarmed Combat
 33720 | D:14     | Reached skill level 5 in Ice Magic
 33733 | D:14     | Found a gate to the Vaults.
 34470 | D:15     | Entered Level 15 of the Dungeon
 34575 | D:15     | Found a staircase to the Depths.
 34782 | D:15     | Noticed Roxanne
 34834 | D:15     | Noticed LadyBoobiez's ghost (journeyman MiFi)
 34847 | D:15     | Killed LadyBoobiez's ghost
 34847 | D:15     | Reached XP level 17. HP: 144/144 MP: 21/29
 35162 | D:15     | Found Pecaq's Weapon Shoppe.
 35657 | Orc:2    | Bought an uncursed ring of see invisible for 240 gold pieces
 35937 | Spider:1 | Entered Level 1 of the Spider Nest
 37327 | Spider:2 | Reached skill level 1 in Evocations
 37522 | Spider:2 | Reached skill level 1 in Slings
 37618 | Spider:2 | Learned a level 1 spell: Summon Small Mammal
 37620 | Spider:2 | Learned a level 1 spell: Apportation
 37624 | Spider:2 | Learned a level 3 spell: Ozocubu's Armour
 38132 | Spider:3 | Reached skill level 18 in Unarmed Combat
 39478 | Shoals:1 | Entered Level 1 of the Shoals
 40612 | Spider:4 | Entered Level 4 of the Spider Nest
 42468 | Spider:4 | Reached XP level 18. HP: 144/154 MP: 31/31
 43711 | Spider:4 | Got a gossamer rune of Zot
 44150 | Elf:1    | Entered Level 1 of the Elven Halls
 44375 | Elf:1    | Reached skill level 19 in Unarmed Combat
 44414 | Elf:1    | Found Xiwetexu's Food Boutique.
 44897 | Elf:1    | Found Neehic's Food Shoppe.
 44906 | Elf:1    | Found Aduocau's Magic Scroll Shoppe.
 44924 | Elf:1    | Bought a scroll of blinking for 105 gold pieces
 45018 | Elf:1    | Found Uxunlego's Quality Used Wands.
 45026 | Elf:1    | Bought a wand of teleportation (0/9) for 168 gold pieces
 46440 | Elf:1    | Noticed a Hell Sentinel
 47999 | Elf:2    | Found a runed gate.
 47999 | Elf:2    | Found a runed gate.
 47999 | Elf:2    | Found a runed gate.
 48379 | Vaults:1 | Entered Level 1 of the Vaults
 48789 | Vaults:1 | Reached XP level 19. HP: 163/163 MP: 32/32
 49156 | Vaults:1 | Got a steaming large shield
 49157 | Vaults:1 | Identified the +7 large shield "Timyhuta" {rPois rC+++ Slay-5 Stlth+} (You acquired it on level 1 of the Vaults)
 49399 | Vaults:1 | Reached skill level 20 in Unarmed Combat
 50608 | Vaults:2 | Found Qaik Daw's Gadget Emporium.
 50610 | Vaults:2 | Found Bout's Distillery.
 50897 | Vaults:2 | Found a flickering gateway to a bazaar.
 50903 | Bazaar   | Entered a bazaar
 50945 | Bazaar   | Found Qierhoiph's Antique Armour Boutique.
 50945 | Bazaar   | Found Iwuig's Armour Shop.
 50971 | Bazaar   | Found Botan's Antique Weapon Shop.
 50971 | Bazaar   | Found Zaotiamyu's Book Boutique.
 50983 | Bazaar   | Bought a book of the Earth for 715 gold pieces
 50998 | Bazaar   | Learned a level 6 spell: Statue Form
 51096 | Vaults:2 | Noticed Boris
 51109 | Vaults:2 | Killed Boris
 51109 | Vaults:2 | Reached skill level 1 in Earth Magic
 52496 | Vaults:3 | Found Gozag's Antique Armour Emporium.
 52505 | Vaults:3 | Found an opulent altar of Gozag.
 52774 | Vaults:3 | Reached skill level 1 in Armour
 52890 | Vaults:3 | Reached skill level 5 in Earth Magic
 53607 | Vaults:3 | Bought a pair of embroidered gloves for 450 gold pieces
 53619 | Vaults:3 | Found Gozag's Assorted Antiques.
 53632 | Vaults:3 | Found Gozag's Antique Weapon Shoppe.
 53664 | Vaults:3 | Reached XP level 20. HP: 113/174 MP: 29/33
 53896 | Vaults:3 | Bought an ancient tin ring for 500 gold pieces
 53900 | Vaults:3 | Identified the ring "Huhicaap" {Fragile rElec rPois MR+ Int+4} (You bought it in a shop on level 3 of the Vaults)
 54008 | Vaults:3 | Bought an iridescent hunting sling for 650 gold pieces
 54008 | Vaults:3 | Identified the +1 hunting sling of Lies {velocity, rElec Str+7 Int-5} (You bought it in a shop on level 3 of the Vaults)
 54558 | Vaults:3 | Found a staircase to the Crypt.
 54558 | Vaults:3 | Found a basalt altar of Yredelemnul.
 54558 | Vaults:3 | Noticed Mara
 54559 | Vaults:3 | Found an ancient bone altar of Kikubaaqudgha.
 54566 | Vaults:3 | Noticed aurelian's illusion
 54572 | Vaults:3 | Killed Mara
 54829 | Vaults:3 | Found Pofid's Antique Weapon Emporium.
 55210 | Vaults:4 | Reached skill level 5 in Armour
 55688 | Vaults:4 | Found a blossoming altar of Fedhas.
 56440 | Elf:3    | Entered Level 3 of the Elven Halls
 56505 | Elf:3    | Found Otaeps's Antique Weapon Boutique.
 58463 | Elf:3    | Reached skill level 15 in Dodging
 59128 | Elf:3    | Reached skill level 15 in Fighting
 59202 | Elf:3    | Reached skill level 10 in Earth Magic
 59664 | Elf:3    | Got a jewelled plate armour
 59665 | Elf:3    | Identified the cursed +0 plate armour "Teisep" {rN+ Str+4 Int+3 Stlth+} (You found it on level 3 of the Elven Halls)
 59715 | Elf:3    | Got an ichor-stained hunting sling
 59716 | Elf:3    | Identified the +9 hunting sling of Wufeloq {flame, rF+ Dex+4 Stlth+} (You found it on level 3 of the Elven Halls)
 60094 | Depths:1 | Entered Level 1 of the Depths
 60100 | Depths:1 | Reached XP level 21. HP: 150/184 MP: 30/35
 60215 | Depths:1 | Found a portal to a secret trove of treasure.
 60238 | Depths:1 | You paid a toll of 5 scrolls of blinking to enter a treasure trove
 60239 | Trove    | Entered a treasure trove
 60278 | Trove    | Got a clouded iron ring
 60279 | Trove    | Identified the ring "Micvenae" {*Contam +Fly rPois Int-2 Dex+5} (You found it in a treasure trove)
 60319 | Depths:1 | Learned a level 7 spell: Dragon Form
 60389 | Depths:1 | Found a gateway to Hell.
 60866 | Depths:1 | Found Pimaapt's Magic Scroll Shop.
 60909 | Depths:1 | Bought a scroll of blinking for 75 gold pieces
 60909 | Depths:1 | Bought a scroll of enchant armour for 75 gold pieces
 60909 | Depths:1 | Bought a scroll of enchant armour for 75 gold pieces
 61010 | Depths:1 | Noticed Louise
 61010 | Depths:1 | Found a one-way gate to the infinite horrors of the Abyss.
 61025 | Depths:1 | Killed Louise
 63480 | Depths:2 | Paralysed by a giant eyeball for 2 turns
 64056 | Depths:3 | Noticed Xtahua
 64339 | Depths:2 | Killed Xtahua
 64797 | Depths:3 | Found a one-way gate leading to the halls of Pandemonium.
 64816 | Depths:3 | Noticed Norris
 64826 | Depths:3 | Killed Norris
 64840 | Depths:3 | Reached XP level 22. HP: 192/192 MP: 41/41
 65827 | Depths:3 | Noticed a juggernaut
 65838 | Depths:3 | Killed a juggernaut
 65862 | Depths:3 | Noticed a juggernaut
 65876 | Depths:3 | Reached skill level 10 in Spellcasting
 65878 | Depths:3 | Killed a juggernaut
 65882 | Depths:3 | Noticed a juggernaut
 65895 | Depths:3 | Killed a juggernaut
 66146 | Depths:3 | Got a crude greatsling
 66147 | Depths:3 | Identified the +7 greatsling of the Traitor {freeze, rElec rPois} (You found it on level 3 of the Depths)
 66816 | Depths:3 | Identified a +1 rod of ignition (9/9) (You took it off a spriggan defender on level 3 of the Depths)
 68030 | Depths:4 | Found a glowing golden altar of the Shining One.
 68339 | Depths:4 | Found a gateway to a ziggurat.
 68339 | Depths:4 | Noticed an ancient lich
 68584 | Depths:4 | Killed an ancient lich
 68584 | Depths:4 | Reached skill level 21 in Unarmed Combat
 68584 | Depths:4 | Reached XP level 23. HP: 202/202 MP: 36/42
 68855 | Depths:5 | Entered Level 5 of the Depths
 68997 | Depths:5 | Noticed a juggernaut
 69095 | Depths:4 | Killed a juggernaut
 69336 | Depths:5 | Found a magical portal.
 69351 | WizLab   | Entered Lehudib's Moon Base
 69777 | WizLab   | Gained mutation: You are weak. (Str -2) [a cacodemon]
 70004 | WizLab   | Gained mutation: You are very weak. (Str -4) [a neqoxec]
 70633 | WizLab   | Identified Lehudib's Tome of Earth and Attacks (You found it in a wizard's laboratory)
 70705 | WizLab   | Identified Sif Muna's Volume of Unholy Secrets and Enhancements (You found it in a wizard's laboratory)
 70709 | WizLab   | Learned a level 2 spell: Repel Missiles
 70713 | WizLab   | Learned a level 3 spell: Regeneration
 71025 | Depths:5 | Reached skill level 1 in Charms
 71469 | Depths:5 | Found a gate to the Realm of Zot.
 71696 | Depths:5 | Lost mutation: You are very weak. (Str -4) [potion of cure mutation]
 71696 | Depths:5 | Lost mutation: You are weak. (Str -2) [potion of cure mutation]
 72517 | Shoals:4 | Entered Level 4 of the Shoals
 72729 | Shoals:4 | Reached skill level 15 in Transmutations
 72774 | Shoals:4 | Got a barnacled rune of Zot
 73438 | Crypt:1  | Entered Level 1 of the Crypt
 73459 | Crypt:1  | Reached XP level 24. HP: 214/214 MP: 42/42
 74046 | Crypt:1  | Reached skill level 5 in Charms
 74731 | Crypt:3  | Entered Level 3 of the Crypt
 74833 | Crypt:3  | Found a staircase to the Tomb.
 74860 | Crypt:3  | Noticed Sojobo
 74881 | Crypt:3  | Killed Sojobo
 74893 | Crypt:3  | Cast into level 4 of the Abyss (tengu reaver)
 74916 | Abyss:4  | Noticed an ancient lich
 74927 | Abyss:4  | Killed an ancient lich
 75505 | Abyss:4  | Gained mutation: You are frail (-10% HP). [a neqoxec]
 75507 | Abyss:4  | Gained mutation: Your spells are a little easier to cast, but a little less powerful. [a neqoxec]
 75508 | Abyss:4  | Gained mutation: You are very frail (-20% HP). [a neqoxec]
 75529 | Abyss:4  | Paralysed by a giant eyeball for 2 turns
 75555 | Abyss:4  | Got an abyssal rune of Zot
 75685 | Crypt:3  | Escaped the Abyss
 75702 | Crypt:3  | Reached skill level 22 in Unarmed Combat
 76298 | Crypt:3  | Noticed an ancient lich
 76312 | Crypt:3  | Killed an ancient lich
 76318 | Crypt:3  | Identified the Guide on Dark Secrets
 76334 | Crypt:3  | Got a pair of dazzling boots
 76335 | Crypt:3  | Identified the cursed +0 pair of boots of Freedom {rF+ Int+3 Stlth+} (You found it on level 3 of the Crypt)
 76387 | Crypt:3  | Reached XP level 25. HP: 178/178 MP: 42/42
 76419 | Crypt:3  | Noticed Frederick
 76430 | Crypt:3  | Killed Frederick
 76656 | Vaults:5 | Entered Level 5 of the Vaults
 76717 | Vaults:5 | Got a brightly glowing shield
 76718 | Vaults:5 | Identified the +0 shield of the Morning Star {+Inv Stlth+} (You found it on level 5 of the Vaults)
 76925 | Vaults:5 | Got a fine golden ring
 76926 | Vaults:5 | Identified the ring "Haing" {*Confuse +Fly rC+ MP+9 Str+4} (You found it on level 5 of the Vaults)
 77207 | Vaults:5 | Noticed Jorgrun
 77229 | Vaults:5 | Killed Jorgrun
 78004 | Vaults:5 | Found Seadawyu's Gadget Shoppe.
 78039 | Vaults:5 | Got a silver rune of Zot
 78051 | Vaults:5 | Found Laras's Gadget Shoppe.
 78441 | Vaults:5 | Noticed an ancient lich
 78443 | Vaults:5 | Killed an ancient lich
 78722 | Vaults:5 | Reached XP level 26. HP: 135/187 MP: 44/44
 78854 | Vaults:5 | Found Yjoliess's Distillery.
 78858 | Vaults:5 | Bought a potion of agility for 60 gold pieces
 78858 | Vaults:5 | Bought a potion of agility for 60 gold pieces
 78858 | Vaults:5 | Bought a potion of agility for 60 gold pieces
 78858 | Vaults:5 | Bought a potion of might for 60 gold pieces
 78961 | Vaults:5 | Found Luc Hiju's Food Shop.
 78961 | Vaults:5 | Found Liequ's Distillery.
 78965 | Vaults:5 | Bought a bread ration for 50 gold pieces
 78965 | Vaults:5 | Bought a meat ration for 50 gold pieces
 78965 | Vaults:5 | Bought a meat ration for 50 gold pieces
 78965 | Vaults:5 | Bought a bread ration for 50 gold pieces
 78965 | Vaults:5 | Bought a bread ration for 50 gold pieces
 78965 | Vaults:5 | Bought a bread ration for 50 gold pieces
 78972 | Vaults:5 | Bought a potion of cancellation for 152 gold pieces
 78972 | Vaults:5 | Bought a potion of heal wounds for 95 gold pieces
 78972 | Vaults:5 | Bought a potion of agility for 76 gold pieces
 78972 | Vaults:5 | Bought a potion of heal wounds for 95 gold pieces
 78972 | Vaults:5 | Bought a potion of might for 76 gold pieces
 79715 | Zot:1    | Entered Level 1 of the Realm of Zot
 79916 | Zot:1    | Lost mutation: You are very frail (-20% HP). [potion of cure mutation]
 79916 | Zot:1    | Lost mutation: Your spells are a little easier to cast, but a little less powerful. [potion of cure mutation]
 79916 | Zot:1    | Lost mutation: You are frail (-10% HP). [potion of cure mutation]
 80687 | Zot:1    | Reached skill level 23 in Unarmed Combat
 81597 | Zot:2    | Learned a level 2 spell: Song of Slaying
 83318 | Zot:4    | Reached skill level 15 in Earth Magic
 83332 | Zot:4    | Learned a level 2 spell: Blink
 83350 | Zot:4    | Reached skill level 1 in Translocations
 83544 | Zot:5    | Entered Level 5 of the Realm of Zot
 83647 | Zot:5    | Reached XP level 27. HP: 244/244 MP: 45/45
 84169 | Zot:5    | Noticed an orb of fire
 84214 | Zot:5    | Noticed an orb of fire
 84222 | Zot:5    | Killed an orb of fire
 84266 | Zot:5    | Noticed an orb of fire
 84267 | Zot:5    | Noticed an ancient lich
 84273 | Zot:5    | Killed an ancient lich
 84274 | Zot:5    | Gained mutation: You are frail (-10% HP). [an orb of fire]
 84276 | Zot:5    | Killed an orb of fire
 84296 | Zot:5    | Noticed an orb of fire
 84301 | Zot:5    | Gained mutation: You are weak. (Str -2) [an orb of fire]
 84305 | Zot:5    | Killed an orb of fire
 84313 | Zot:4    | Lost mutation: You are frail (-10% HP). [potion of cure mutation]
 84313 | Zot:4    | Lost mutation: You are weak. (Str -2) [potion of cure mutation]
 84502 | Zot:5    | Noticed an orb of fire
 84520 | Zot:5    | Gained mutation: You are clumsy. (Dex -2) [an orb of fire]
 84525 | Zot:5    | Killed an orb of fire
 84527 | Zot:5    | Gained mutation: Your spells are a little easier to cast, but a little less powerful. [an orb of fire]
 84529 | Zot:5    | Gained mutation: Scrolls take you a little longer to read. [an orb of fire]
 84531 | Zot:5    | Gained mutation: You are very clumsy. (Dex -4) [an orb of fire]
 84536 | Zot:5    | Noticed an orb of fire
 84537 | Zot:5    | Gained mutation: You regenerate slowly when monsters are visible. [an orb of fire]
 84538 | Zot:5    | Gained mutation: You do not regenerate naturally when monsters are visible. [an orb of fire]
 84539 | Zot:5    | Killed an orb of fire
 84547 | Zot:5    | Killed an orb of fire
 84574 | Zot:5    | Noticed an ancient lich
 84587 | Zot:4    | Lost mutation: You do not regenerate naturally when monsters are visible. [potion of cure mutation]
 84587 | Zot:4    | Lost mutation: Your spells are a little easier to cast, but a little less powerful. [potion of cure mutation]
 84587 | Zot:4    | Lost mutation: You are very clumsy. (Dex -4) [potion of cure mutation]
 84587 | Zot:4    | Lost mutation: Scrolls take you a little longer to read. [potion of cure mutation]
 84587 | Zot:4    | Lost mutation: You regenerate slowly when monsters are visible. [potion of cure mutation]
 84587 | Zot:4    | Lost mutation: You are clumsy. (Dex -2) [potion of cure mutation]
 84699 | Zot:5    | Killed an ancient lich
 84806 | Zot:5    | Noticed an orb of fire
 84806 | Zot:5    | Gained mutation: Armour fits poorly on your strangely shaped body. [an orb of fire]
 84829 | Zot:5    | Killed an orb of fire
 84992 | Zot:5    | Noticed an orb of fire
 84992 | Zot:5    | Gained mutation: Your spells are a little harder to cast, but a little more powerful. [an orb of fire]
 84993 | Zot:5    | Gained mutation: You tend to lose your temper in combat. [an orb of fire]
 85002 | Zot:5    | Gained mutation: Your flesh is heat resistant. [an orb of fire]
 85003 | Zot:5    | Lost mutation: Your spells are a little harder to cast, but a little more powerful. [an orb of fire]
 85005 | Zot:5    | Killed an orb of fire
 85007 | Zot:5    | Lost mutation: Your flesh is heat resistant. [potion of cure mutation]
 85007 | Zot:5    | Lost mutation: You tend to lose your temper in combat. [potion of cure mutation]
 85007 | Zot:5    | Lost mutation: Armour fits poorly on your strangely shaped body. [potion of cure mutation]
 85139 | Zot:5    | Noticed an orb of fire
 85146 | Zot:5    | Killed an orb of fire
 85236 | Zot:5    | Noticed an orb of fire
 85243 | Zot:5    | Killed an orb of fire
 85268 | Zot:5    | Reached skill level 24 in Unarmed Combat
 85351 | Zot:5    | Noticed an orb of fire
 85357 | Zot:5    | Killed an orb of fire
 86149 | Slime:1  | Entered Level 1 of the Pits of Slime
 86368 | Slime:4  | Noticed Dissolution
 86376 | Slime:4  | Killed Dissolution
 86529 | Slime:6  | Entered Level 6 of the Pits of Slime
 86742 | Slime:6  | Gained mutation: You are frail (-10% HP). [a shining eye]
 86759 | Slime:6  | Found a viscous altar of Jiyva.
 86762 | Slime:6  | Noticed the Royal Jelly
 87453 | Slime:6  | Killed the Royal Jelly
 88610 | Slime:6  | Got a bound bronze ring
 88611 | Slime:6  | Identified the ring "Cigina Mairr" {rElec rF+ Str-5 Dex+4} (You found it on level 6 of the Pits of Slime)
 88623 | Slime:6  | Identified Nussufecs's Compendium of Enchantment
 88633 | Slime:6  | Lost mutation: You are frail (-10% HP). [potion of cure mutation]
 88664 | Slime:6  | Identified the Tome of Frigorific Augmentations (You found it on level 6 of the Pits of Slime)
 88713 | Slime:6  | Got a slimy rune of Zot
 89462 | Zot:5    | Got the Orb of Zot
 89742 | Depths:1 | Noticed Neosud the pandemonium lord
 89752 | Depths:1 | HP: 10/323 [Orb Guardian (25)]
 89753 | Depths:1 | Slain by an Orb Guardian

Skill      XL: |  1  2  3  4  5  6  7  8  9 10 11 12 13 14 15 16 17 18 19 20 21 22 23 24 25 26 27 |
---------------+----------------------------------------------------------------------------------+-----
Unarmed Combat | 3 4 5 6 7 9 10 11 12 13 14 15 17 18 19 20 21 22 23 24 | 24.1
Transmutations | 2 3 4 6 7 8 9 10 11 12 13 15 16 17 | 17.6
Poison Magic   | 1 2 |  2.0
Fighting       | 3 4 5 6 9 11 12 13 14 15 16 17 18 19 20 | 20.8
Dodging        | 3 5 6 7 9 11 12 13 14 15 16 17 18 19 21 | 21.0
Spellcasting   | 2 4 5 6 9 10 11 12 14 | 14.7
Stealth        | 1 |  1.3
Shields        | 3 4 |  4.4
Ice Magic      | 2 5 |  5.4
Evocations     | 3 |  3.1
Slings         | 3 |  3.1
Earth Magic    | 5 10 14 15 17 | 17.3
Armour         | 3 5 |  5.5
Charms         | 4 7 8 |  8.0
Translocations | 2 4 |  4.8

Action                   |  1- 3 |  4- 6 |  7- 9 | 10-12 | 13-15 | 16-18 | 19-21 | 22-24 | 25-27 || total
-------------------------+-------+-------+-------+-------+-------+-------+-------+-------+-------++-------
Melee: Unarmed           |   162 |   256 |   442 |   276 |   855 |  1930 |  1882 |  2052 |  1902 ||  9757
       Kick              |    14 |    18 |       |       |       |       |       |       |       ||    32
       Headbutt          |    16 |    22 |    17 |       |       |       |       |       |       ||    55
       Punch             |     3 |     6 |     4 |     2 |    39 |   155 |   139 |     9 |     4 ||   361
 Fire: Hunting sling     |       |    76 |    49 |       |     5 |   102 |    62 |    36 |    28 ||   358
Throw: Stone             |     9 |       |       |       |       |       |       |       |       ||     9
 Cast: Beastly Appendage |    39 |    46 |    16 |       |       |       |       |       |       ||   101
       Sticks to Snakes  |     6 |     4 |     7 |       |       |     2 |       |     3 |       ||    22
       Spider Form       |       |     2 |    45 |    25 |    21 |     3 |       |       |       ||    96
       Blade Hands       |       |       |       |     1 |    50 |   192 |    92 |     7 |     1 ||   343
       Ice Form          |       |       |       |       |    12 |     7 |       |     1 |       ||    20
       Apportation       |       |       |       |       |       |     3 |       |     6 |     7 ||    16
       Summon Small Mamm |       |       |       |       |       |     1 |       |       |       ||     1
       Statue Form       |       |       |       |       |       |       |    20 |    88 |   103 ||   211
       Repel Missiles    |       |       |       |       |       |       |       |     3 |     2 ||     5
       Regeneration      |       |       |       |       |       |       |       |     1 |       ||     1
 Abil: End Transformatio |       |       |       |       |     2 |    14 |     2 |    13 |    14 ||    45
       Evoke Flight      |       |       |       |       |       |     3 |       |       |       ||     3
Evoke: Wand              |       |       |       |       |       |     2 |     2 |     6 |    10 ||    20
       Fan of gales      |       |       |       |       |       |       |       |       |     1 ||     1
  Use: Scroll            |       |     4 |    20 |     4 |    12 |    31 |    25 |     7 |    15 ||   118
       Potion            |       |       |     1 |     5 |     1 |    12 |     8 |     3 |    33 ||    63
 Stab: Sleeping          |     3 |     2 |     7 |     2 |    19 |     6 |     2 |     2 |     3 ||    46
       Distracted        |       |       |     1 |     1 |     3 |     2 |     1 |       |     1 ||     9
       Invisible         |       |       |       |     1 |       |    12 |       |       |     3 ||    16
       Paralysed         |       |       |       |       |       |     1 |       |       |       ||     1
       Held in net/web   |       |       |       |       |       |     2 |       |       |       ||     2
  Eat: Chunk             |     6 |    12 |    30 |    10 |    42 |    93 |    68 |    27 |    11 ||   299
       Pizza             |       |       |     1 |       |       |       |     1 |     2 |     1 ||     5
       Royal jelly       |       |       |       |     1 |     3 |     1 |       |       |     1 ||     6
       Beef jerky        |       |       |       |     1 |       |    13 |     4 |     1 |     2 ||    21
       Fruit             |       |       |       |       |     2 |    14 |     7 |    10 |     9 ||    42
       Bread ration      |       |       |       |       |       |       |       |     7 |    11 ||    18
Armor: Robe              |    31 |    42 |    13 |       |       |       |       |       |       ||    86
       Skin              |       |       |    16 |     1 |    11 |     6 |    96 |   471 |   395 ||   996
       Animal skin       |       |       |    11 |     7 |    51 |    17 |       |       |       ||    86
       Mottled dragon ar |       |       |       |       |       |   282 |   138 |    33 |       ||   453
       Troll leather arm |       |       |       |       |       |       |       |     6 |    41 ||    47
Dodge: Dodged            |   104 |   157 |   335 |   225 |   509 |  1745 |  1391 |  2367 |  1972 ||  8805
       Deflected         |       |       |       |       |       |       |       |    12 |     8 ||    20
Block: Other             |       |       |       |       |   135 |   394 |   163 |    27 |     1 ||   720
       Buckler           |       |       |       |       |    52 |    95 |   541 |  1718 |  1281 ||  3687
       Reflection        |       |       |       |       |       |    32 |    94 |    92 |    60 ||   278
